[Event "ICCopen2017"]
[Site "Internet Chess Club"]
[Date "2017.03.25"]
[Round "9"]
[White "Marcoluis"]
[Black "cloak1"]
[Result "0-1"]
[ICCResult "White forfeits on time"]
[WhiteElo "1606"]
[BlackElo "1841"]
[Opening "QGA: Ericson variation"]
[ECO "D21"]
[NIC "QG.05"]
[Time "15:45:39"]
[TimeControl "180+0"]

1. d4 d5 2. c4 dxc4 3. Nf3 b5 4. a4 c6 5. b3 cxb3 6. Qxb3 a6 7. axb5 cxb5 8.
e3 Bb7 9. Nc3 e6 10. Be2 Nf6 11. O-O Be7 12. Bb2 O-O 13. Rfd1 Nbd7 14. Rac1
Rc8 15. Ne5 Nb6 16. Bf3 Bxf3 17. Nxf3 Nc4 18. e4 Qb6 19. d5 exd5 20. e5 Na5
21. Qa2 Ne4 22. Nd4 Nxc3 23. Bxc3 Nc4 24. Nf5 Bc5 25. Rf1 Qe6 26. Nd4 Bxd4
27. Bxd4 a5 28. f4 Qe7 29. f5 f6 30. Rce1 fxe5 31. Ba1 Qc5+ 32. Kh1 d4 33.
Qe2 Ne3 34. Rf3 e4 35. Rf4 Nxf5 36. Rxe4 Qc4 {White forfeits on time} 0-1

[Event "ICCopen2017"]
[Site "Internet Chess Club"]
[Date "2017.03.25"]
[Round "9"]
[White "CapitanCentella"]
[Black "Veldigo"]
[Result "0-1"]
[ICCResult "White forfeits on time"]
[WhiteElo "1795"]
[BlackElo "1669"]
[Opening "QGD Slav defense"]
[ECO "D10"]
[NIC "SL.01"]
[Time "15:45:27"]
[TimeControl "180+0"]

1. d4 d5 2. c4 c6 3. Nc3 Nf6 4. e3 Bf5 5. Nf3 e6 6. Bd2 Bd6 7. c5 Bc7 8. b4
a6 9. a4 Nbd7 10. b5 axb5 11. axb5 Rxa1 12. Qxa1 O-O 13. b6 Bb8 14. Be2 Ne4
15. Nxe4 Bxe4 16. O-O f6 17. Ne1 e5 18. f3 Bg6 19. Bc3 exd4 20. Bxd4 Re8 21.
Bd3 Bxd3 22. Nxd3 Ne5 23. Nf4 Nc4 24. Nh5 Nxe3 25. Bxf6 gxf6 26. Nxf6+ Kf7
27. Nxe8 Qxe8 28. Re1 Bf4 29. Qa7 Qe7 30. g3 Bh6 31. f4 Qe4 32. Qxb7+ Kg6
33. Qxc6+ Kg7 34. Qd7+ Kg8 35. Qd8+ Bf8 36. Qg5+ Bg7 37. Kf2 d4 38. Qd8+ Bf8
39. Qg5+ Kh8 40. Qf6+ Kg8 41. Qg5+ Bg7 42. Qd8+ Kf7 {White forfeits on time}
0-1

[Event "ICCopen2017"]
[Site "Internet Chess Club"]
[Date "2017.03.25"]
[Round "9"]
[White "Chamanx"]
[Black "nadalthegreat"]
[Result "0-1"]
[ICCResult "White checkmated"]
[WhiteElo "1528"]
[BlackElo "2016"]
[Opening "Ruy Lopez: Marshall, main line, 14...Qh3"]
[ECO "C89"]
[NIC "RL.17"]
[Time "15:45:41"]
[TimeControl "180+0"]

1. e4 e5 2. Nf3 Nc6 3. Bb5 a6 4. Ba4 Nf6 5. O-O Be7 6. Re1 b5 7. Bb3 O-O 8.
c3 d5 9. exd5 Nxd5 10. Nxe5 Nxe5 11. Rxe5 c6 12. d4 Bd6 13. Re1 Qh4 14. g3
Qh3 15. Qf3 Bg4 16. Qg2 Qh5 17. Bxd5 cxd5 18. Bf4 Bxf4 19. gxf4 Rae8 20. Nd2
f5 21. f3 Bh3 22. Qg5 Qf7 23. Qh4 Qg6+ 24. Qg3 Qh5 25. Qg5 Qxg5+ 26. fxg5 f4
27. Rxe8 Rxe8 28. Kf2 Kf7 29. Re1 Rxe1 30. Kxe1 Kg6 31. Ke2 Kxg5 32. b3 Be6
33. a4 h5 34. axb5 axb5 35. Kd3 Kh4 36. c4 bxc4+ 37. bxc4 Kh3 38. cxd5 Bxd5
39. Nf1 Kg2 40. Nd2 Kxh2 41. Nf1+ Kg2 42. Nd2 h4 43. Ke2 h3 44. Ke1 Bc4 45.
Nxc4 h2 46. d5 h1=Q+ 47. Kd2 Qf1 48. Ne5 Qf2+ 49. Kd3 Qe3+ 50. Kc4 Qxe5 51.
Kc5 Qxd5+ 52. Kxd5 Kxf3 53. Ke5 Ke3 54. Kf5 f3 55. Kg6 f2 56. Kxg7 f1=Q 57.
Kg6 Ke4 58. Kg5 Ke5 59. Kg6 Qf4 60. Kh7 Qg5 61. Kh8 Ke6 62. Kh7 Kf7 63. Kh8
Qg8# {White checkmated} 0-1

[Event "ICCopen2017"]
[Site "Internet Chess Club"]
[Date "2017.03.25"]
[Round "9"]
[White "VrloJakMK"]
[Black "charlestehace"]
[Result "0-1"]
[ICCResult "White forfeits on time"]
[WhiteElo "2041"]
[BlackElo "3053"]
[Opening "Nimzo-Indian: Sämisch variation"]
[ECO "E28"]
[NIC "NI.11"]
[Time "15:45:28"]
[TimeControl "180+0"]

1. d4 Nf6 2. c4 e6 3. Nc3 Bb4 4. e3 O-O 5. a3 Bxc3+ 6. bxc3 d6 7. Bd3 c5 8.
Nf3 Nc6 9. e4 e5 10. d5 Na5 11. Nd2 Ne8 12. Nf1 g6 13. Ne3 Ng7 14. g4 Qh4
15. Qf3 h5 16. gxh5 Nxh5 17. Ng2 Qh3 18. Qxh3 Bxh3 19. Rg1 Nb3 20. Rb1 Nxc1
21. Rxc1 Bxg2 22. Rxg2 Nf4 23. Rg3 Kg7 24. Bf1 Rh8 25. h3 Rh4 26. Rb1 b6 27.
a4 Kf6 28. Kd2 Ke7 29. a5 Rb8 30. axb6 axb6 31. Ra1 Rb7 32. Ra8 Nh5 33. Rg4
Rxg4 34. hxg4 Nf6 35. f3 Nd7 36. g5 Nb8 37. Bh3 b5 38. cxb5 Rxb5 39. Kc2 Rb7
40. Bc8 Rb6 41. Ra7+ Ke8 42. c4 Rb4 43. Kc3 Rb1 44. Bg4 Rb6 45. Rc7 Na6 46.
Ra7 Nb4 47. Bd7+ Kf8 48. Bb5 Rb8 49. Kd2 Rd8 50. Kc3 Kg7 51. Kd2 Rb8 52. Rd7
Rb6 53. Kc3 Na6 54. Ra7 Nb8 55. Ra8 Kf8 56. Kd3 Rb7 57. Ke3 Ke7 58. f4 exf4+
59. Kxf4 Nd7 60. Bxd7 Kxd7 61. Ra4 Rb1 62. e5 Rf1+ 63. Kg3 dxe5 64. Ra7+ Kd6
65. Ra6+ Ke7 66. Rc6 Rf5 67. Rxc5 Rxg5+ 68. Kf3 Rf5+ 69. Ke3 Rf4 70. Rc7+
Kd6 {White forfeits on time} 0-1

[Event "ICCopen2017"]
[Site "Internet Chess Club"]
[Date "2017.03.25"]
[Round "9"]
[White "shally"]
[Black "shirovinster"]
[Result "1/2-1/2"]
[ICCResult "White ran out of time and Black has no material to mate"]
[WhiteElo "1912"]
[BlackElo "1800"]
[Opening "Sicilian: Alapin's variation (2.c3)"]
[ECO "B22"]
[NIC "SI.46"]
[Time "15:45:37"]
[TimeControl "180+0"]

1. e4 c5 2. c3 d6 3. d4 Nf6 4. Bd3 cxd4 5. cxd4 e5 6. Ne2 Nc6 7. d5 Ne7 8.
O-O g6 9. f4 exf4 10. Bxf4 Bg7 11. Nbc3 O-O 12. Kh1 Nh5 13. Bg5 h6 14. Bd2
Kh7 15. Ng3 Nxg3+ 16. hxg3 f5 17. Be3 fxe4 18. Bxe4 Bf5 19. Bd4 Bxe4 20.
Rxf8 Bxg2+ 21. Kxg2 Qxf8 22. Qd3 Nf5 23. Bxg7 Qxg7 24. Rf1 Re8 25. Rf3 Qe7
26. a3 Ne3+ 27. Kf2 Ng4+ 28. Kg2 h5 29. Qd4 Ne5 30. Re3 Qf7 31. Ne4 Qe7 32.
b4 Rf8 33. Nxd6 Qxd6 34. Rxe5 Qf6 35. Kh2 h4 36. Qxh4+ Qxh4+ 37. gxh4 Rf4
38. Kg3 Rd4 39. Re7+ Kh6 40. Rxb7 Rd3+ 41. Kg4 Rxa3 42. d6 Rd3 43. d7 a6 44.
Kf4 Rd4+ 45. Ke5 Rd1 46. Ke6 Kh5 47. Rb6 Kxh4 48. Rd6 Re1+ 49. Kf6 Rf1+ 50.
Kxg6 Rg1+ 51. Kh6 Rg8 52. d8=Q+ Rxd8 53. Rxd8 Kg4 54. Rd6 a5 55. bxa5 Kf5
56. a6 Ke5 57. Rg6 Kd5 58. a7 Kd4
{White ran out of time and Black has no material to mate}
1/2-1/2

[Event "ICCopen2017"]
[Site "Internet Chess Club"]
[Date "2017.03.25"]
[Round "9"]
[White "zhuzhenghai008"]
[Black "GulkovIgor"]
[Result "1-0"]
[ICCResult "Black resigns"]
[WhiteElo "1971"]
[BlackElo "2323"]
[Opening "King's Indian: Sämisch, 5...O-O"]
[ECO "E81"]
[NIC "KI.49"]
[Time "15:45:49"]
[TimeControl "180+0"]

1. d4 Nf6 2. c4 g6 3. Nc3 Bg7 4. e4 d6 5. f3 O-O 6. Bg5 c5 7. d5 e6 8. Qd2
h6 9. Bxh6 Nxe4 10. Nxe4 Qh4+ 11. g3 Qxh6 12. Qxh6 Bxh6 13. Nxd6 exd5 14.
cxd5 Nd7 15. f4 Rd8 16. O-O-O Nb6 17. Nxc8 Raxc8 18. Bg2 Bg7 19. Nf3 Nc4 20.
Ne5 Bxe5 21. fxe5 Ne3 22. Bh3 Nxd1 23. Rxd1 Rc7 24. d6 Rc6 25. Bg2 Rb6 26.
Bd5 Kg7 27. Rf1 Rd7 28. a3 a5 29. Rf4 Ra6 30. h4 b5 31. g4 Rb6 32. g5 c4 33.
Kc2 Rb8 34. Kc3 Rc8 35. Kd4 Ra7 36. Rf1 Rb8 37. Bc6 Rb6 38. Kd5 Raa6 39. d7
Rb8 40. Kc5 Ra7 41. Bxb5 Rc7+ 42. Kd6 Ra7 43. Bxc4 Rb6+ 44. Kc5 {Black
resigns} 1-0

[Event "ICCopen2017"]
[Site "Internet Chess Club"]
[Date "2017.03.25"]
[Round "9"]
[White "fletcherdavid"]
[Black "chalimo77"]
[Result "0-1"]
[ICCResult "White resigns"]
[WhiteElo "1774"]
[BlackElo "1585"]
[Opening "Nimzovich-Larsen attack: classical variation"]
[ECO "A01"]
[NIC "VO.08"]
[Time "15:45:43"]
[TimeControl "180+0"]

1. b3 d5 2. e3 c5 3. Bb2 Nc6 4. Bb5 Bd7 5. f4 e6 6. Nf3 a6 7. Bxc6 Bxc6 8.
O-O Nf6 9. d3 Be7 10. Nbd2 O-O 11. Ne5 Rc8 12. Nxc6 bxc6 13. c4 d4 14. e4
Nd7 15. Qg4 f5 16. Qe2 Nf6 17. Rae1 Ng4 18. exf5 Ne3 19. Rf3 Rxf5 20. Rxe3
dxe3 21. Qxe3 Qd7 22. Qxe6+ Qxe6 23. Rxe6 Rf7 24. g3 g6 25. Kf2 Kf8 26. Ne4
Ke8 27. Ng5 Rf5 28. Nxh7 Kf7 29. Re2 g5 30. Kf3 gxf4 31. gxf4 Rh5 32. Ng5+
Bxg5 33. fxg5 Rxg5 34. Kf4 Rg6 35. Re5 Re8 36. Rf5+ Kg8 37. Ba3 Re2 38. Bxc5
Rxh2 39. d4 Rxa2 40. Rf8+ Kg7 41. Ra8 a5 42. Ke5 a4 43. d5 axb3 44. Rxa2
bxa2 45. Bd4 Rg4 46. dxc6 Rxd4 47. c7 a1=Q 48. c8=Q Rd8+ {White resigns} 0-1

[Event "ICCopen2017"]
[Site "Internet Chess Club"]
[Date "2017.03.25"]
[Round "9"]
[White "Papasha"]
[Black "concrete"]
[Result "1-0"]
[ICCResult "Black checkmated"]
[WhiteElo "2499"]
[BlackElo "2110"]
[Opening "Sicilian: Taimanov (Bastrikov) variation"]
[ECO "B47"]
[NIC "SI.40"]
[Time "15:46:02"]
[TimeControl "180+0"]

1. e4 c5 2. Nf3 e6 3. d4 cxd4 4. Nxd4 Nc6 5. Nc3 Qc7 6. Be2 Nf6 7. O-O Be7
8. Be3 d6 9. f4 O-O 10. Kh1 Nxd4 11. Qxd4 b6 12. f5 Bb7 13. Bc4 d5 14. exd5
Bc5 15. Bf4 Bxd4 16. Bxc7 Bxc3 17. bxc3 Bxd5 18. Ba6 exf5 19. Rxf5 Rfe8 20.
h3 Be4 21. Rf2 Re6 22. c4 Rae8 23. a4 h5 24. a5 bxa5 25. Rxa5 Bc6 26. Bb5
Ne4 27. Rf3 g5 28. Rxa7 g4 29. Rf5 g3 30. Bb6 Nf2+ 31. Bxf2 gxf2 32. Rxf2
Bxb5 33. cxb5 Re1+ 34. Kh2 Rb1 35. Rfxf7 Ree1 36. Rfb7 Rh1+ 37. Kg3 Rhc1 38.
Ra8# {Black checkmated} 1-0

[Event "ICCopen2017"]
[Site "Internet Chess Club"]
[Date "2017.03.25"]
[Round "9"]
[White "ARMCOMPOSER"]
[Black "ibarra"]
[Result "0-1"]
[ICCResult "White checkmated"]
[WhiteElo "2954"]
[BlackElo "2754"]
[Opening "Sicilian: Nimzovich-Rubinstein variation"]
[ECO "B29"]
[NIC "SI.43"]
[Time "15:45:09"]
[TimeControl "180+0"]

1. e4 c5 2. Nf3 Nf6 3. e5 Nd5 4. Nc3 e6 5. Ne4 f5 6. exf6 Nxf6 7. Nxf6+ Qxf6
8. d4 d5 9. Bg5 Qf7 10. Ne5 Qc7 11. Bb5+ Nc6 12. O-O cxd4 13. Qxd4 Bd6 14.
f4 O-O 15. Bxc6 bxc6 16. c4 Ba6 17. b3 Rf5 18. Bh4 Raf8 19. Bg3 c5 20. Qd2
Bxe5 21. fxe5 dxc4 22. Rxf5 Rxf5 23. Rc1 cxb3 24. axb3 c4 25. bxc4 Qc5+ 26.
Kh1 h6 27. h3 Bb7 28. Kh2 Kh7 29. Rc2 Be4 30. Rc1 a5 31. Qd6 Qc6 32. Qxc6
Bxc6 33. Rb1 a4 34. Rb6 Bd7 35. Rd6 Bc8 36. Rc6 Bd7 37. Rd6 Rf7 38. c5 Kg6
39. c6 Bc8 40. Bf2 Kf5 41. Bc5 Ba6 42. Rd8 Rc7 43. Rd6 Bb5 44. g4+ Ke4 45.
Rd4+ Kxe5 46. Rd2 Rxc6 47. Bd4+ Ke4 48. Bxg7 Bd3 49. Bxh6 a3 50. Bg7 Ra6 51.
Ba1 Bc4 52. Kg3 Bd5 53. Rd4+ Ke3 54. Rf4 a2 55. Rf2 Ra3 56. h4 Ke4+ 57. Kh2
Ke3 58. Rb2 Kf4 59. Rc2 Rf3 60. Rg2 Re3 61. g5 Bxg2 62. Kxg2 Kg4 63. g6 Re2+
64. Kf1 Rc2 65. g7 Rc8 66. h5 Kxh5 67. Bf6 Kg6 68. Be7 Kf7 69. Bf8 Rxf8 70.
Ke2 Rg8 71. Ke3 Rxg7 72. Kd4 a1=Q+ 73. Kc5 Qf6 74. Kd6 Qf5 75. Kc6 Rg4 76.
Kd7 Rd4+ 77. Kc7 Qd5 78. Kb6 Rc4 79. Ka6 Qd3 80. Kb5 Qb3+ 81. Ka5 Ra4#
{White checkmated}
0-1

[Event "ICCopen2017"]
[Site "Internet Chess Club"]
[Date "2017.03.25"]
[Round "9"]
[White "beaupre"]
[Black "DementedMonkey"]
[Result "0-1"]
[ICCResult "White forfeits on time"]
[WhiteElo "1763"]
[BlackElo "2212"]
[Opening "French: Rubinstein variation"]
[ECO "C10"]
[NIC "FR.07"]
[Time "15:45:48"]
[TimeControl "180+0"]

1. e4 e6 2. d4 d5 3. Nc3 dxe4 4. Nxe4 Be7 5. Nf3 Nf6 6. Bd3 O-O 7. c3 Nbd7
8. O-O c5 9. Be3 cxd4 10. Bxd4 b6 11. Qc2 h6 12. Rfd1 Qc7 13. Rac1 Bb7 14.
Qe2 Nxe4 15. Bxe4 Bxe4 16. Qxe4 Nc5 17. Qg4 f6 18. Nh4 Bd6 19. Bxc5 Bxc5 20.
Qxe6+ Qf7 21. Qg4 f5 22. Qg3 Rae8 23. Qd3 Qh5 24. Nf3 Re7 25. Re1 Ref7 26.
Qd5 Kh7 27. Ne5 Re7 28. Nd7 Rfe8 29. Rxe7 Bxe7 30. Ne5 Bf6 31. Nf3 Qg6 32.
h3 Bd8 33. Rd1 Bc7 34. Nd4 Rf8 35. Re1 Rf7 36. Re6 Qh5 37. Nf3 Bd8 38. Re5
Qg6 {White forfeits on time} 0-1

[Event "ICCopen2017"]
[Site "Internet Chess Club"]
[Date "2017.03.25"]
[Round "9"]
[White "Kastor"]
[Black "RdgMx"]
[Result "1-0"]
[ICCResult "Black resigns"]
[WhiteElo "2785"]
[BlackElo "1827"]
[Opening "Sicilian, Szén (`anti-Taimanov') variation"]
[ECO "B44"]
[NIC "SI.39"]
[Time "15:46:06"]
[TimeControl "180+0"]

1. e4 e6 2. d4 c5 3. Nf3 cxd4 4. Nxd4 Nc6 5. Nb5 a6 6. Nd6+ Bxd6 7. Qxd6 Qe7
8. Qd3 Nf6 9. Be2 O-O 10. O-O Ne5 11. Qd4 Ng6 12. Bg5 e5 13. Qe3 d6 14. c4
Qe6 15. Nc3 Ng4 16. Qg3 f6 17. Bd2 Bd7 18. Nd5 Rac8 19. h3 Nh6 20. Bxh6 gxh6
21. Nb6 Rc6 22. Bg4 Qe7 23. Nxd7 Rd8 24. b3 Rxd7 25. Bxd7 Qxd7 26. Rad1 Kf7
27. Rd2 Nf4 28. Rfd1 Qe7 29. Qg4 b5 30. g3 Ng6 31. cxb5 axb5 32. h4 Rc3 33.
Rxd6 Nf8 34. Rd7 Nxd7 35. Rxd7 Rc1+ 36. Kg2 Rc7 37. Rxe7+ Rxe7 38. Qc8 b4
39. Qb8 Kg7 40. Qxb4 Rf7 41. Qc4 h5 42. Qe2 Kg6 43. Qf3 Rc7 44. Qf5+ Kg7 45.
Qxh5 Rc2 46. Qg4+ Kf7 47. a4 Ra2 48. h5 Kf8 49. h6 Ke7 50. Qg7+ Ke6 51. Qxh7
Rd2 52. Qg8+ Ke7 53. h7 {Black resigns} 1-0

[Event "ICCopen2017"]
[Site "Internet Chess Club"]
[Date "2017.03.25"]
[Round "9"]
[White "Alikfish"]
[Black "fisherino"]
[Result "1-0"]
[ICCResult "Black forfeits on time"]
[WhiteElo "1760"]
[BlackElo "1628"]
[Opening "Sicilian: Keres variation (2.Ne2)"]
[ECO "B20"]
[NIC "SI.48"]
[Time "15:46:34"]
[TimeControl "180+0"]

1. e4 c5 2. Ne2 d6 3. g3 Nc6 4. Bg2 Nf6 5. O-O g6 6. h3 Bg7 7. c3 O-O 8. d4
cxd4 9. cxd4 a6 10. Nbc3 Bd7 11. Be3 b5 12. Rc1 Rc8 13. f4 e6 14. d5 exd5
15. exd5 Na5 16. b3 Re8 17. Bd4 Nb7 18. b4 Qe7 19. Kh2 Qf8 20. Qd2 Nd8 21.
g4 Rc4 22. Ng3 Rxd4 23. Qxd4 Nxg4+ 24. hxg4 Bxd4 25. g5 Re3 26. Nce4 Qe7 27.
Rcd1 Bg7 28. Bf3 Bf5 29. Nxf5 gxf5 30. Ng3 Qd7 31. Bg2 f6 32. Bh3 fxg5 33.
Nxf5 Re2+ 34. Kg3 gxf4+ 35. Kxf4 Be5+ 36. Kf3 Rh2 37. Bg4 Qf7 38. Rg1 Kh8
39. Ke4 Qf6 40. Rdf1 Qh4 41. Nxh4 Rxh4 42. Kf5 Rh2 43. Rh1 Rxh1 44. Rxh1 Nf7
45. Ke6 Ng5+ 46. Ke7 Ne4 47. Bf5 Nc3 48. Rxh7+ Kg8 49. Rf7
{Black forfeits on time}
1-0

[Event "ICCopen2017"]
[Site "Internet Chess Club"]
[Date "2017.03.25"]
[Round "9"]
[White "canary2016"]
[Black "pinkito"]
[Result "0-1"]
[ICCResult "White forfeits on time"]
[WhiteElo "1241"]
[BlackElo "2483"]
[Opening "French: Tarrasch, closed variation, main line"]
[ECO "C06"]
[NIC "FR.17"]
[Time "15:46:24"]
[TimeControl "180+0"]

1. e4 e6 2. d4 d5 3. Nd2 Nf6 4. e5 Nfd7 5. Bd3 c5 6. c3 Nc6 7. Ne2 cxd4 8.
cxd4 Qb6 9. Nf3 f6 10. exf6 Nxf6 11. O-O Bd6 12. Qc2 Nb4 13. Qc3 Bd7 14. a3
Rc8 15. Qd2 Nxd3 16. Qxd3 Qb5 17. Qxb5 Bxb5 18. Re1 Ne4 19. Be3 Rc2 20. Ng3
Bxg3 21. hxg3 O-O 22. Rab1 Rfc8 23. Ne5 h6 24. Ng6 Kh7 25. Nf4 Bd7 26. f3
Nf6 27. Bf2 Re8 28. Kf1 g5 29. Nh3 Bb5+ 30. Kg1 Kg6 31. f4 Ne4 32. Be3 Rec8
33. fxg5 hxg5 34. Kh2 Bd3 35. b4 Rh8 36. Rbc1 Rxc1 37. Rxc1 g4 38. Rd1 Bc4
39. Rc1 gxh3 40. gxh3 Ng5 41. h4 Nf7 42. Rf1 Bxf1 43. Bd2 Nd6 44. Bf4 Ne4
45. Bc1 Kf5 46. Bb2 Kg4 47. Bc1 Rf8 48. Bb2 Be2 49. Bc3 Rf2+ 50. Kg1 Kh3
{White forfeits on time}
0-1

[Event "ICCopen2017"]
[Site "Internet Chess Club"]
[Date "2017.03.25"]
[Round "9"]
[White "onti"]
[Black "A4-H5"]
[Result "0-1"]
[ICCResult "White forfeits on time"]
[WhiteElo "1333"]
[BlackElo "1779"]
[Opening "Nimzovich-Larsen attack: modern variation"]
[ECO "A01"]
[NIC "VO.08"]
[Time "15:45:59"]
[TimeControl "180+0"]

1. b3 e5 2. Bb2 f6 3. e4 Bb4 4. f4 Nc6 5. f5 Nge7 6. Bc4 Na5 7. Bd5 c6 8.
Bc4 Nxc4 9. bxc4 Qb6 10. Nc3 O-O 11. Na4 Qa6 12. a3 Qxa4 13. axb4 Qxb4 14.
Bc3 Qxc4 15. Qf3 d5 16. exd5 cxd5 17. Ne2 Bd7 18. d3 Qc5 19. d4 e4 20. Qf4
Qc4 21. Kf2 Nxf5 22. Rhb1 g5 23. Qg4 Nxd4 24. Qxd7 Qxe2+ 25. Kg1 Qe3+ 26.
Kh1 Qxc3 27. Qxd5+ Kh8 28. Ra2 Rad8 29. Qb5 Qd2 30. h3 Qf4
{White forfeits on time}
0-1

[Event "ICCopen2017"]
[Site "Internet Chess Club"]
[Date "2017.03.25"]
[Round "9"]
[White "livis"]
[Black "justinchess"]
[Result "0-1"]
[ICCResult "White checkmated"]
[WhiteElo "1883"]
[BlackElo "2258"]
[Opening "Sicilian: Grand Prix attack"]
[ECO "B21"]
[NIC "SI.48"]
[Time "15:46:02"]
[TimeControl "180+0"]

1. e4 c5 2. f4 Nc6 3. Nf3 g6 4. Be2 Bg7 5. c3 d5 6. e5 Nh6 7. d3 O-O 8. O-O
Nf5 9. Na3 d4 10. c4 b6 11. Nc2 Bb7 12. Ng5 e6 13. Bf3 Na5 14. Bxb7 Nxb7 15.
Qf3 Rb8 16. Bd2 h6 17. Ne4 Qh4 18. g3 Qe7 19. Rae1 Nd8 20. g4 Nh4 21. Qg3 b5
22. b3 bxc4 23. dxc4 Nc6 24. Nf6+ Bxf6 25. exf6 Qxf6 26. g5 Qf5 27. Na3 h5
28. Qxh4 Qd3 29. Qf2 Rbd8 30. Nb5 a6 31. Na3 Qf5 32. Qf3 Ne7 33. Qe4 Qg4+
34. Kh1 Nf5 35. Rg1 Qh3 36. Ref1 Nh4 37. Rg3 Qxf1+ 38. Rg1 Qf3+ 39. Qxf3
Nxf3 40. Rg2 Nxd2 41. Rxd2 e5 42. fxe5 Rfe8 43. Kg2 Rxe5 44. Kf3 Rxg5 45. h4
Rg4 46. Nc2 Rxh4 47. Ne1 Rh3+ 48. Kf4 Re3 49. Ng2 Re6 50. Kg5 Rde8 51. Kh6
h4 52. Nxh4 Re4 53. Nf3 Rf4 54. Ng1 Re5 55. Rh2 d3 56. a3 d2 57. Rxd2 Rh5#
{White checkmated}
0-1

[Event "ICCopen2017"]
[Site "Internet Chess Club"]
[Date "2017.03.25"]
[Round "9"]
[White "egya"]
[Black "Hashimof"]
[Result "0-1"]
[ICCResult "White forfeits on time"]
[WhiteElo "1780"]
[BlackElo "1939"]
[Opening "Nimzovich-Larsen attack: Indian variation"]
[ECO "A01"]
[NIC "VO.08"]
[Time "15:46:04"]
[TimeControl "180+0"]

1. b3 Nf6 2. Bb2 Nc6 3. c4 e5 4. e3 Bc5 5. Nc3 O-O 6. a3 a5 7. Bd3 d6 8. Nf3
Bg4 9. h3 Bh5 10. g4 Bg6 11. Bxg6 fxg6 12. Ng5 Qe8 13. Nge4 Nxe4 14. Nxe4
Ba7 15. Qe2 Qe6 16. O-O-O a4 17. b4 h6 18. Nc3 Ne7 19. Nxa4 Bxe3 20. fxe3
Rxa4 21. Rhf1 Rfa8 22. Qd3 c5 23. Qb3 b5 24. d3 cxb4 25. axb4 Nc6 26. Bc3
Ra3 27. Qb2 bxc4 28. d4 exd4 29. exd4 Qe3+ 30. Rd2 Rxc3+ 31. Kd1 Rd3 32. Re1
Qf3+ 33. Kc1 c3 34. Rxd3 cxb2+ 35. Kxb2 Qxd3 36. Rc1 Qa3+ 37. Kc2 Nxd4+ 38.
Kd2 Re8 {White forfeits on time} 0-1

[Event "ICCopen2017"]
[Site "Internet Chess Club"]
[Date "2017.03.25"]
[Round "9"]
[White "Teoretik"]
[Black "pagoda"]
[Result "1-0"]
[ICCResult "Black forfeits on time"]
[WhiteElo "1709"]
[BlackElo "1769"]
[Opening "King's pawn opening"]
[ECO "B07"]
[NIC "VO.17"]
[Time "15:46:48"]
[TimeControl "180+0"]

1. e4 d6 2. c3 Nf6 3. f4 c6 4. d3 g6 5. Nf3 Bg7 6. Be2 O-O 7. O-O a5 8. Na3
b5 9. Nc2 a4 10. h3 Na6 11. Be3 Nh5 12. d4 Ng3 13. Rf2 Nxe2+ 14. Qxe2 c5 15.
Raf1 b4 16. e5 a3 17. bxa3 bxc3 18. Nfe1 cxd4 19. Bxd4 Nc5 20. Bxc3 Ba6 21.
Qe3 Bxf1 22. Rxf1 Na4 23. Ba1 dxe5 24. fxe5 e6 25. Qb3 Nc5 26. Qc4 Rc8 27.
Qf4 Qa5 28. Kh1 Qa6 29. Ne3 Nd3 30. Nxd3 Qxd3 31. Ng4 Rc4 32. Qf2 Rc2 33.
Qf4 Qe2 34. Rg1 Rxa2 35. Nf6+ Bxf6 36. exf6 Qd2 37. Qxd2 Rxd2 38. a4 Ra2 39.
Be5 Ra8 40. Bd6 {Black forfeits on time} 1-0

[Event "ICCopen2017"]
[Site "Internet Chess Club"]
[Date "2017.03.25"]
[Round "9"]
[White "kabindra"]
[Black "Djukanyc"]
[Result "0-1"]
[ICCResult "White resigns"]
[WhiteElo "1524"]
[BlackElo "1846"]
[Opening "Sicilian: Smith-Morra gambit"]
[ECO "B21"]
[NIC "SI.48"]
[Time "15:47:02"]
[TimeControl "180+0"]

1. e4 c5 2. d4 cxd4 3. c3 dxc3 4. Nxc3 Nc6 5. Nf3 e6 6. Bf4 a6 7. a4 Bb4 8.
Bc4 Nf6 9. O-O Bxc3 10. bxc3 Nxe4 11. Qd3 d5 12. Bb3 O-O 13. Bc2 f5 14. Ne5
Qc7 15. Nxc6 Qxf4 16. Ne7+ Kh8 17. f3 Nc5 18. Qd4 Qd6 19. Nxc8 Raxc8 20.
Rfe1 Rfe8 21. Rab1 e5 22. Qh4 e4 23. fxe4 dxe4 24. Qg5 Qf6 25. Qe3 Qe5 26.
Qh3 g6 27. Rb6 Rcd8 28. Rxg6 Rd2 29. Bd1 Nd3 30. Rh6 Qc5+ 31. Kh1 Nf2+
{White resigns}
0-1

[Event "ICCopen2017"]
[Site "Internet Chess Club"]
[Date "2017.03.25"]
[Round "9"]
[White "HouseMorgan"]
[Black "Unico"]
[Result "1-0"]
[ICCResult "Black checkmated"]
[WhiteElo "2049"]
[BlackElo "2435"]
[Opening "Robatsch defense"]
[ECO "A40"]
[NIC "KF.05"]
[Time "15:46:00"]
[TimeControl "180+0"]

1. d4 g6 2. e4 Bg7 3. Nc3 c6 4. Be3 d6 5. Qd2 Qa5 6. O-O-O Nd7 7. Kb1 b5 8.
h4 Ngf6 9. f3 h5 10. Nh3 Nb6 11. e5 Nfd5 12. Nxd5 Qxd2 13. Nc7+ Kd7 14. Rxd2
Kxc7 15. exd6+ exd6 16. Ng5 Nd5 17. Bf2 f6 18. Nh3 Re8 19. Bd3 Bh6 20. Rdd1
f5 21. a3 Be6 22. g3 a5 23. Ng5 Bg8 24. Rhe1 Bg7 25. Bf1 a4 26. c3 Bf6 27.
f4 Bg7 28. Bg2 Nf6 29. Bf3 Bd5 30. Bxd5 cxd5 31. Ne6+ Rxe6 32. Rxe6 Kd7 33.
Rde1 Ne4 34. Rxg6 Bf8 35. Re2 Ke7 36. Be1 Kf7 37. Rg5 Nxg5 38. hxg5 Bg7 39.
Rh2 Re8 40. Bd2 Kg6 41. Kc2 Bf8 42. Kd3 Re4 43. Be3 Be7 44. Rh1 Bd8 45. b3
axb3 46. Rb1 h4 47. gxh4 Kh5 48. Rxb3 Kg4 49. Rxb5 Kf3 50. Bd2 Be7 51. Rxd5
Kg4 52. h5 Kxh5 53. Rxf5 Re6 54. Rf7 Kg6 55. f5+ Kxf7 56. fxe6+ Kxe6 57. c4
d5 58. cxd5+ Kxd5 59. a4 Bd6 60. a5 Bb8 61. g6 Ba7 62. Be3 Bxd4 63. Bxd4 Ke6
64. g7 Kf5 65. a6 Ke6 66. a7 Kf5 67. a8=Q Ke6 68. Qe4+ Kf7 69. Qf5+ Kg8 70.
Qf8+ Kh7 71. g8=Q# {Black checkmated} 1-0

[Event "ICCopen2017"]
[Site "Internet Chess Club"]
[Date "2017.03.25"]
[Round "9"]
[White "Svinotigr"]
[Black "GrandPatzer5"]
[Result "1-0"]
[ICCResult "Black forfeits on time"]
[WhiteElo "1740"]
[BlackElo "1876"]
[Opening "Réti opening"]
[ECO "A04"]
[NIC "QP.11"]
[Time "15:46:17"]
[TimeControl "180+0"]

1. Nf3 b6 2. d3 Bb7 3. Nbd2 c5 4. e4 e6 5. Qe2 Nf6 6. g3 d5 7. Bg2 Nc6 8.
O-O Be7 9. c3 Qc7 10. Re1 O-O-O 11. h4 h6 12. e5 Nd7 13. Nf1 Rdg8 14. a4 a5
15. Bd2 g5 16. h5 g4 17. N3h2 Ndxe5 18. Bf4 Bd6 19. Kh1 f5 20. Reb1 Qf7 21.
b4 cxb4 22. cxb4 Nxb4 23. Bxe5 Bxe5 24. Qxe5 Nxd3 25. Qd4 Nc5 26. Rxb6 Qc7
27. Rb5 Ne4 28. Qe3 Bc6 29. Rc1 Kd7 30. Rb6 Rb8 31. Rbxc6 Qxc6 32. Rxc6 Kxc6
33. Nd2 Rb4 34. Bxe4 dxe4 35. Qc3+ Kd6 36. Qxh8 Rxa4 37. Qd8+ Ke5 38. Qc7+
Kf6 39. Nc4 Ra1+ 40. Kg2 a4 41. Qe5+ Ke7 42. Nf1 Rc1 43. Nfe3 a3 44. Nxf5+
Ke8 45. Ncd6+ Kd7 46. Qg7+ Kc6 47. Qe7 exf5 48. Qe6 a2 49. Qc8+ Kd5 50. Qxc1
Kxd6 51. Qa1 Kd5 52. Qxa2+ Ke5 53. Qb2+ Ke6 54. Qg7 Kd5 55. Qxh6 Kc4 56. Qg5
Kd3 57. Qxf5 Ke2 58. h6 Ke1 59. h7 e3 60. h8=Q e2 61. Qe4 Kd1 62. Qxe2+ Kxe2
63. Qe5+ Kd3 64. Qf4 {Black forfeits on time} 1-0